 Dungeon Crawl Stone Soup version 0.17-a0-2064-g265a032 (webtiles) character file.

116 ziver the Skirmisher (level 4, -3/37 HPs)
             Began as a Demonspawn Abyssal Knight on Oct 13, 2015.
             Was a Believer of Lugonu.
             Killed from afar by Natasha (12 damage)
             ... with a magic dart
             ... on level 2 of the Dungeon.
             The game lasted 00:11:28 (1791 turns).

ziver the Skirmisher (Demonspawn Abyssal Knight)    Turns: 1791, Time: 00:11:28

Health: -3/37      AC:  6    Str: 14    XL:     4   Next: 69%
Magic:  6/6        EV: 12    Int: 13    God:    Lugonu [**....]
Gold:   139        SH:  0    Dex: 14    Spells: 0 memorised, 3 levels left

rFire  . . .     SeeInvis .     a - +1 hand axe
rCold  . . .     Clarity  .     b - +0 leather armour
rNeg   . . .     SustAt   .     (no shield)
rPois  .         Gourm    .     i - +2 helmet
rElec  .         Spirit   .     (no cloak)
rCorr  .         Warding  .     (no gloves)
rMut   .         Rnd*Tele +     (no boots)
MR     .....                    (no amulet)
Stlth  ++........               (no ring)
                                o - ring of teleportation (curse)

@: slowed, very slow, not resistant to hostile enchantments, unstealthy
A: thin skeletal structure 1
a: Depart the Abyss, Bend Space, Renounce Religion, Evoke Teleportation


You were on level 2 of the Dungeon.
You worshipped Lugonu.
Lugonu was pleased with you.
You were not hungry.

You visited 1 branch of the dungeon, and saw 2 of its levels.
You visited the Abyss 1 time.

You collected 139 gold pieces.

Inventory:

Hand Weapons
 a - a +1 hand axe (weapon)
Armour
 b - a +0 leather armour (worn)
 i - a +2 helmet (worn)
 j - a +0 robe
Jewellery
 o - a cursed ring of teleportation (left hand)
Scrolls
 c - 2 scrolls of fear
 f - a scroll of remove curse
 g - a scroll of random uselessness {unknown}
 k - a scroll of identify
Potions
 d - a potion of curing {unknown}
 e - 2 potions of haste
 h - a potion of degeneration {unknown}
 l - a potion of agility {unknown}
 n - a potion of mutation {unknown}
Comestibles
 m - a slice of pizza


   Skills:
 + Level 3.9 Fighting
 + Level 2.4 Axes
 + Level 2.4 Armour
 + Level 2.0 Dodging
 + Level 0.8 Stealth
 + Level 2.8 Invocations


You had 3 spell levels left.
You didn't know any spells.

Dungeon Overview and Level Annotations

Branches:
Dungeon (2/15)

Altars:

Annotations:
D:2 Natasha


Innate Abilities, Weirdness & Mutations

You have a somewhat thin skeletal structure (Dex +2, Stealth).


Message History

You kill the kobold!
Lugonu accepts your kill.
You hit the giant cockroach but do no damage.
The giant cockroach barely misses you.
The giant cockroach bites you but does no damage.
Natasha casts a spell at you.
You feel yourself slow down.
You see here a short sword.
You hit the giant cockroach.
You kill the giant cockroach!
Lugonu accepts your kill.
Natasha stares at you and mumbles some strange words.
The magic dart hits you!
You completely miss Natasha. Natasha claws you.
* * * LOW HITPOINT WARNING * * *
Natasha closely misses you.
You hit Natasha but do no damage.
Natasha stares at you and mumbles some strange words.
The magic dart hits you!
You die...

***,*#............
*#####*,,,*#............
**.....#,***#............
**,......,*###............
*,,......,,......†........
**,,,....######..........<
**,>,,...# #...........
******#h### ##..........
#@).###...#...)..#
##................
#..##......##..##
#).###....###....
#...###..###.....
##...######...##. #....#
#)...#*. #....# #.....,.
#...##**##...#**


You could see Natasha.

Vanquished Creatures
  Jessica (D:2)
  Robin (D:2)
  2 adders (D:2)
  A giant gecko (D:2)
  3 ball pythons
  2 giant cockroaches (D:2)
  15 goblins
  3 hobgoblins
  7 jackals (D:1)
  2 kobolds
  5 bats
  4 giant newts
  17 rats
  2 plants (D:1)
65 creatures vanquished.

Notes
Turn   | Place    | Note
--------------------------------------------------------------
     0 | Abyss:1  | ziver the Demonspawn Abyssal Knight began the quest for the Orb.
     0 | Abyss:1  | Reached XP level 1. HP: 18/18 MP: 2/2
    34 | Abyss:1  | Noticed a wretched star
    35 | Abyss:1  | Noticed an efreet
    37 | D:1      | Escaped the Abyss
   145 | D:1      | Reached * piety under Lugonu
   163 | D:1      | Reached skill level 1 in Dodging
   164 | D:1      | Gained mutation: You have a somewhat thin skeletal structure (Dex +2, Stealth). [demonic ancestry]
   164 | D:1      | Reached XP level 2. HP: 14/24 MP: 3/3
   611 | D:1      | Reached ** piety under Lugonu
  1033 | D:1      | Reached XP level 3. HP: 29/29 MP: 5/5
  1192 | D:2      | Noticed Robin
  1194 | D:2      | Noticed Jessica
  1202 | D:2      | Killed Robin
  1286 | D:2      | Killed Jessica
  1286 | D:2      | Reached XP level 4. HP: 7/37 MP: 6/6
  1780 | D:2      | Noticed Natasha
  1791 | D:2      | Killed from afar by Natasha

Vault maps used:
D:1:      erik_arrival_orb_chamber, minmay_shallow_snake_nest
D:2:      first_bread, minivault_19, uniq_jessica, uniq_robin, uniq_natasha
Abyss:1:  hangedman_eye_storm

Action                   |  1- 3 |  4- 6 || total
-------------------------+-------+-------++-------
Melee: Hand axe          |   181 |    64 ||   245
Invok: Depart the Abyss  |     1 |       ||     1
  Use: Scroll            |     1 |     5 ||     6
  Eat: Bread ration      |     1 |       ||     1
